 Dungeon Crawl Stone Soup version 0.28-a0-773-g130ae17fe5 (webtiles) character file.

Game seed: 5986839054583948214

4511 jasper the Grappler (level 10, 0/79 HPs)
             Began as a Demonspawn Cinder Acolyte on Nov 2, 2021.
             Was an Initiate of Ignis.
             Slain by a killer bee (4 damage)
             ... on level 8 of the Dungeon.
             The game lasted 00:16:42 (11989 turns).

jasper the Grappler (Demonspawn Cinder Acolyte)    Turns: 11989, Time: 00:16:42

Health: 0/79       AC:  8    Str: 15    XL:     10   Next: 16%
Magic:  11/11      EV: 12    Int: 24    God:    Ignis [......]
Gold:   441        SH:  5    Dex:  9    Spells: 6/11 levels left

rFire   + . .      SeeInvis .     - Unarmed
rCold   + . .      Faith    .   (no shield)
rNeg    . . .      Spirit   .   D - +0 scale mail
rPois   .          Reflect  +   A - +0 helmet
rElec   .          Harm     .   (no cloak)
rCorr   .          Rampage  .   (no gloves)
Will    +....                   (no boots)
Stlth   +.........              v - amulet "Ilipiul" {Reflect rC+ Will+ SH+5}
HPRegen 0.23/turn               z - +6 ring of intelligence
MPRegen 0.12/turn               (no ring)

@: lethally poisoned (0 -> -4)
A: powered by pain 1, sturdy frame 2, demonic touch 1
a: Renounce Religion


You were on level 8 of the Dungeon.
You worshipped Ignis.
Ignis was noncommittal.
You visited 2 branches of the dungeon, and saw 9 of its levels.
You also visited: Ossuary.

You collected 441 gold pieces.

Inventory:

Hand Weapons
 a - a +0 hand axe of flaming
 g - a +1 vorpal dagger
Missiles
 h - 3 boomerangs of dispersal
 i - 166 stones (quivered)
 s - 9 poisoned darts
Armour
 b - a +0 robe
 k - a +0 leather armour
 m - a +1 ring mail
 A - a +0 helmet (worn)
 B - the +1 leather armour "Jiycsylue" {Drain +Blink rPois Will+}
   (You found it on level 6 of the Dungeon)

   rPois:     It protects you from poison.
   +Blink:    It lets you blink.
   Drain:     It drains your maximum health when unequipped.
   Will:      It increases your willpower.
 D - a +0 scale mail (worn)
Jewellery
 j - an amulet of guardian spirit
 v - the amulet "Ilipiul" (around neck) {Reflect rC+ Will+ SH+5}
   (You found it on level 6 of the Dungeon)

   [amulet of reflection]

   It reflects blocked missile attacks.
   rC:        It protects you from cold.
   SH:        It affects your SH (+5).
   Will:      It increases your willpower.
 z - a +6 ring of intelligence (left hand)
Wands
 n - a wand of mindburst (10)
 r - a wand of acid (9)
 x - a wand of iceblast (9)
 y - a wand of flame (7)
Scrolls
 c - 5 scrolls of magic mapping
 l - 3 scrolls of noise
 o - 2 scrolls of teleportation
 w - a scroll of brand weapon
Potions
 d - a potion of flight
 e - 3 potions of brilliance
 f - 2 potions of lignification
 p - 2 potions of berserk rage
 q - 2 potions of attraction
 t - a potion of might
 u - a potion of resistance
 C - a potion of invisibility


   Skills:
 + Level 7.4 Fighting
 - Level 3.2 Axes
 + Level 6.0 Armour
 + Level 6.0 Dodging
 + Level 8.2 Unarmed Combat
 - Level 1.0 Spellcasting
 - Level 2.6 Fire Magic


You had 6 spell levels left.
You knew the following spells:

 Your Spells              Type           Power      Damage    Failure   Level
a - Passwall              Tmut/Erth      0%         N/A       30%         2
b - Swiftness             Air            1%         N/A       52%         3

Your spell library contained the following spells:

 Spells                   Type           Power      Damage    Failure   Level
 Scorch                   Fire           28%        2d6       11%         2
 Magic Dart               Conj           4%         1d3       21%         1
 Sandblast                Erth           2%         2d4       21%         1
 Slow                     Hex            4%         N/A       21%         1
 Call Imp                 Summ           1%         N/A       30%         2
 Confusing Touch          Hex            1%         N/A       52%         3
 Dazzling Flash           Conj/Hex       2%         N/A       52%         3
 Frozen Ramparts          Ice            2%         1d2       52%         3
 Mephitic Cloud           Conj/Pois/Air  1%         N/A       52%         3
 Portal Projectile        Hex/Tloc       2%         N/A       52%         3
 Stone Arrow              Conj/Erth      2%         3d7       52%         3
 Summon Guardian Golem    Hex/Summ       1%         N/A       52%         3
 Vampiric Draining        Necr           1%         2d6       52%         3
 Ice Form                 Ice/Tmut       1%         N/A       90%         4
 Summon Ice Beast         Ice/Summ       1%         N/A       90%         4
 Agony                    Necr           1%         N/A       99%         5
 Blade Hands              Tmut           0%         N/A       99%         5
 Excruciating Wounds      Necr           0%         N/A       99%         5
 Silence                  Hex/Air        0%         N/A       99%         5
 Invisibility             Hex            0%         N/A       100%        6
 Orb of Destruction       Conj           0%         N/A       100%        7
 Spellforged Servitor     Conj/Summ      0%         N/A       100%        7


Dungeon Overview and Level Annotations

Branches:
Dungeon (8/15)             Temple (1/1) D:6            Lair (0/6) D:8
Ossuary (visited)

Altars:
Ashenzari
Gozag
Hepliaklqana
Makhleb
Nemelex Xobeh
Ru
Sif Muna
Vehumet
Wu Jian
Xom


Innate Abilities, Weirdness & Mutations

You sometimes gain a little power by taking damage.
Your movements are less encumbered by armour. (ER -4)
Your touch may inflict minor irresistible damage on your foes.


Message History

You miss the killer bee. Your touch misses the killer bee.
The killer bee is heavily wounded.
You feel sick. The killer bee stings you! You block the killer bee's attack.
You take 8 damage, and have 42/78 hp.
You barely miss the killer bee.
The killer bee is heavily wounded.
You feel sick. The killer bee stings you.
You take 7 damage, and have 35/78 hp.
You hit the killer bee. Your touch misses the killer bee.
Your punch misses the killer bee.
The killer bee is severely wounded.
You feel sick. The killer bee stings you.
You are more poisoned.
The killer bee poisons you!
The killer bee stings you but does no damage.
You take 5 damage, and have 30/78 hp.
You miss the killer bee.
The killer bee is severely wounded.
You feel sick. The killer bee closely misses you. x2
You take 2 damage, and have 28/78 hp.
You closely miss the killer bee. Your touch misses the killer bee.
The killer bee is severely wounded.
You feel sick. The killer bee stings you!
* * * LOW HITPOINT WARNING * * *
You hit the killer bee.
The killer bee is almost dead.
You feel sick. The killer bee stings you.
* * * LOW HITPOINT WARNING * * *
The killer bee stings you!
* * * LOW HITPOINT WARNING * * *
You miss the killer bee.
You touch the killer bee.
You kill the killer bee!
* * * LOW HITPOINT WARNING * * *
You feel sick. You block the killer bee's attack.
Your life force feels restored.
You hit the killer bee.
You kill the killer bee!
* * * LOW HITPOINT WARNING * * *
You feel sick. The killer bee stings you.
You die...

####.....## #. #.
..#.......# .###.
#.#.......##
....##..........######
....#.........)).))..
#.........>.....#####
#####.. #..........##
......y##...P......#
#yy@.#.......##
######.......#
####.....##
#.###...###
#.####..#.#
#.........####
#..##........#
####..##.#.#.##.#
#............##)####


You could see 3 killer bees.

Vanquished Creatures
  A wizard (D:7)
  A troll (D:6)
  Prince Ribbit (D:7)
  2 wraiths (Ossuary)
  Eustachio (D:5)
  Menkaure (D:6)
  A water moccasin (D:8)
  3 wargs (D:8)
  2 centaurs
  2 ogres
  A kobold brigand (D:8)
  A wyvern zombie (D:7)
  A water moccasin zombie (D:5)
  2 killer bees (D:8)
  10 howler monkeys
  8 wights
  4 crimson imps (D:7)
  2 bullfrog zombies
  2 centaur zombies
  4 hounds
  2 jellies
  2 iguanas
  7 orc priests
  A centaur skeleton (D:7)
  Ijyb (D:4)
  11 orc wizards
  A hound skeleton (D:3)
  A howler monkey zombie (D:6)
  7 gnolls
  9 adders
  2 white imps
  An adder zombie (Ossuary)
  3 worms
  3 dart slugs
  24 orcs
  12 ball pythons
  9 endoplasms
  2 giant cockroaches
  12 goblins
  5 hobgoblins
  7 jackals (D:5)
  5 quokkas
  A ball python skeleton (Ossuary)
  5 bats
  5 frilled lizards (D:1)
  3 hobgoblin zombies (Ossuary)
  11 kobolds
  A kobold zombie (Ossuary)
  2 orc zombies (Ossuary)
  6 rats
211 creatures vanquished.

Vanquished Creatures (others)
  2 orc wizards
  35 foxfires
  9 fungi (D:8)
  12 plants (D:2)
58 creatures vanquished.

Grand Total: 269 creatures vanquished

Notes
Turn   | Place    | Note
-------+----------+-------------------------------------------
     0 | D:1      | jasper the Demonspawn Cinder Acolyte began the quest for
                  | the Orb.
     0 | D:1      | Reached XP level 1. HP: 18/18 MP: 2/2
   240 | D:1      | Gained mutation: Your touch may inflict minor irresistible
                  | damage on your foes. [demonic ancestry]
   240 | D:1      | Reached XP level 2. HP: 20/24 MP: 3/3
  1005 | D:1      | Reached skill level 1 in Unarmed Combat
  1617 | D:1      | Reached XP level 3. HP: 28/29 MP: 4/4
  1967 | D:2      | Reached skill level 2 in Unarmed Combat
  1974 | D:2      | Learned a level 2 spell: Passwall
  2048 | D:2      | Found a radiant altar of Vehumet.
  2854 | D:3      | Reached XP level 4. HP: 25/35 MP: 5/5
  2863 | D:3      | Reached skill level 3 in Unarmed Combat
  3343 | D:3      | Reached skill level 4 in Unarmed Combat
  3343 | D:3      | Gained mutation: You sometimes gain a little power by
                  | taking damage. [demonic ancestry]
  3343 | D:3      | Reached XP level 5. HP: 14/41 MP: 6/6
  3565 | D:3      | You fall into a shaft and drop 3 floors!
  3590 | D:6      | Learned a level 3 spell: Swiftness
  3644 | D:6      | Found a staircase to the Ecumenical Temple.
  3667 | D:6      | Found a sacrificial altar of Ru.
  3761 | D:5      | Entered Level 5 of the Dungeon
  4153 | D:5      | Reached skill level 5 in Unarmed Combat
  4153 | D:5      | Reached XP level 6. HP: 30/47 MP: 7/7
  4328 | D:5      | Found a sand-covered staircase.
  4384 | D:5      | Reached skill level 1 in Armour
  4384 | D:5      | Reached skill level 1 in Dodging
  4393 | D:5      | Gained mutation: Your movements are slightly less
                  | encumbered by armour. (ER -2) [demonic ancestry]
  4393 | D:5      | Reached XP level 7. HP: 35/52 MP: 8/8
  4400 | Ossuary  | Entered an ossuary
  4637 | Ossuary  | Noticed a wraith
  4637 | Ossuary  | Noticed a flying skull
  4644 | Ossuary  | Noticed a flying skull
  4684 | Ossuary  | Noticed a flying skull
  4714 | Ossuary  | Noticed a wraith
  4722 | Ossuary  | Killed a wraith
  4978 | Ossuary  | Noticed a flying skull
  4979 | Ossuary  | Noticed a flying skull
  5011 | Ossuary  | Noticed a wraith
  5016 | Ossuary  | Killed a wraith
  5017 | Ossuary  | Reached skill level 6 in Unarmed Combat
  5266 | D:5      | Noticed Eustachio
  5273 | D:5      | Killed Eustachio
  5274 | D:5      | Reached XP level 8. HP: 61/61 MP: 9/9
  6358 | D:3      | Found a faded altar of an unknown god.
  6661 | D:3      | Found a broken altar of Ashenzari.
  7203 | D:4      | Noticed Ijyb
  7226 | D:4      | Killed Ijyb
  7487 | D:5      | Reached skill level 5 in Fighting
  7981 | D:5      | Found a hazy altar of Hepliaklqana.
  7984 | D:5      | Found a shimmering blue altar of Sif Muna.
  7986 | D:5      | Found an opulent altar of Gozag.
  8534 | D:6      | Found a burning altar of Makhleb.
  8542 | D:6      | Found an ornate altar of the Wu Jian Council.
  8631 | D:6      | Identified the +1 leather armour "Jiycsylue" {Drain +Blink
                  | rPois Will+}
  8642 | D:6      | Noticed Menkaure
  8650 | D:6      | Killed Menkaure
  8764 | D:6      | Noticed a troll
  9008 | D:6      | Noticed a spectral centipede
  9008 | D:6      | Noticed a spectral black mamba
  9326 | D:6      | Identified the amulet "Ilipiul" {Reflect rC+ Will+ SH+5}
  9535 | D:6      | Reached skill level 7 in Unarmed Combat
  9564 | D:6      | Killed a troll
  9565 | D:6      | Gained mutation: Your movements are less encumbered by
                  | armour. (ER -4) [demonic ancestry]
  9565 | D:6      | Reached XP level 9. HP: 63/69 MP: 10/10
  9676 | Temple   | Entered the Ecumenical Temple
 10048 | D:7      | Noticed a wizard
 10065 | D:7      | Reached skill level 5 in Armour
 10076 | D:7      | Killed a wizard
 10077 | D:7      | Reached skill level 5 in Dodging
 10260 | D:7      | Found a shimmering altar of Xom.
 10408 | D:7      | Found a sparkling altar of Nemelex Xobeh.
 10671 | D:7      | Noticed Prince Ribbit
 10694 | D:7      | Killed Prince Ribbit
 10695 | D:7      | Reached skill level 8 in Unarmed Combat
 10697 | D:7      | HP: 3/72 [wyvern zombie (7)]
 11301 | D:8      | Reached XP level 10. HP: 59/79 MP: 11/11
 11794 | D:8      | Found a staircase to the Lair.
 11989 | D:8      | Slain by a killer bee

Illustrated notes

Levels and vault maps discovered:
D:1:      dpeg_arrival_arbitrary_c, layout_basic
D:2:      layout_loops_cross, serial_forest, infiniplex_forest_zigzag_1,
          infiniplex_forest_clump_cross, infiniplex_forest_clump_tiny,
          infiniplex_forest_end_2, infiniplex_forest_clump_cross,
          infiniplex_forest_clump_small, infiniplex_forest_lined_3,
          infiniplex_forest_straight_2, infiniplex_forest_corner_1, basic_altar,
          minmay_circle_x
D:3:      layout_loops_cross, nicolae_ashenzari_skybound,
          cheibrodos_sewer_entry_sluice, hellmonk_ecumenical_altar_lost_god,
          minmay_starry_boxes
D:4:      layout_basic, uniq_ijyb
D:5:      layout_loops_ring, grunt_temple_overflow_diamond, enter_ossuary_3,
          grunt_ministairs_12, uniq_eustachio
D:6:      layout_gridville, pdpol_wu_jian_five_deadly_venoms,
          nicolae_ru_sacrificial_ziggurat, bloody_makhleb,
          minmay_temple_entry_trees, minmay_misc_feat_plants, grunt_potential,
          uniq_menkaure
D:7:      cheibrodos_wizards_tower, layout_gridville, led_xom_imps,
          nemelex_dance_club_becter, uniq_prince_ribbit1
D:8:      layout_loops_corners, mainiacjoe_overflow_alcove_4,
          erik_lair_orcish_takeover
Temple:   jpeg_temple_alley_garden

Skill      XL: |  1  2  3  4  5  6  7  8  9 10 |
---------------+-------------------------------+-----
Axes           | 3 |  3.2
Unarmed Combat | 1 2 4 5 6 7 8 |  8.2
Armour         | 1 2 4 5 6 |  6.0
Dodging        | 1 2 4 5 6 |  6.0
Fighting       | 4 5 7 |  7.4
Spellcasting   | |  1.0
Fire Magic     | |  2.6

Action                   |  1- 3 |  4- 6 |  7- 9 | 10-12 || total
-------------------------+-------+-------+-------+-------++-------
Melee: Hand axe          |    27 |       |       |       ||    27
       Dagger            |    93 |    74 |       |       ||   167
       Touch             |    14 |    17 |    81 |    11 ||   123
       Punch             |       |     4 |    12 |     3 ||    19
       Unarmed           |       |    12 |   522 |    76 ||   610
Throw: Stone             |       |       |     4 |       ||     4
       Boomerang         |       |       |     1 |       ||     1
Invok: Foxfire Swarm     |       |     4 |     2 |       ||     6
       Rising Flame      |       |     1 |     1 |       ||     2
Evoke: Wand              |       |    11 |    15 |     2 ||    28
  Use: Scroll            |       |       |    22 |       ||    22
       Potion            |       |       |     1 |     3 ||     4
Armor: Robe              |    16 |       |       |       ||    16
       Leather armour    |     5 |     5 |       |       ||    10
       Ring mail         |       |    22 |   158 |     2 ||   182
       Scale mail        |       |       |       |    16 ||    16
Dodge: Dodged            |    77 |    49 |   282 |    18 ||   426
Block: Other             |       |       |    41 |    17 ||    58
       Reflection        |       |       |     1 |     2 ||     3

Table legend: (Time is in decaauts)
 A = Elapsed time spent in this place.
 B = Non-inter-level travel time spent in this place.
 C = Inter-level travel time spent in this place.
 D = Time resting spent in this place.
 E = Time spent auto-exploring this place.
 F = Levels seen in this place.
 G = Mean time per level.
                   A        B        C        D        E       F      G
               +--------+--------+--------+--------+--------+-----+--------+
         Total |  11955 |  11696 |    259 |   2126 |   7434 |  10 | 1195.5 |
       Dungeon |  11098 |  10839 |    259 |   2013 |   6910 |   8 | 1387.2 |
        Temple |      1 |      1 |      0 |      0 |      0 |   1 |    1.0 |
       Ossuary |    855 |    855 |      0 |    113 |    524 |   1 |  855.0 |
               +--------+--------+--------+--------+--------+-----+--------+

Top non-repeatable levels by time:
     D:5: 1798 daAuts
     D:1: 1716 daAuts
     D:2: 1510 daAuts
     D:7: 1444 daAuts
     D:3: 1410 daAuts
     D:6: 1349 daAuts
     D:4: 1051 daAuts
 Ossuary: 855 daAuts
     D:8: 817 daAuts
  Temple: 1 daAuts
